AoeStats
← NORTHLANDER

Arabia

504341582Analyzed
1v1 RM · 27d ago on Sep 4, 2026· 48m 13s· 2 players
Game mode
Random Map
Map size
Tiny (2 player)
Population
200
Speed
Normal
Resources
Standard
Victory
Conquest
Starting age
Dark Age
Ending age
Imperial Age
RankedLock teamsTeams togetherTeam positionsShared explorationLock speedFull tech treeHidden civsTurbo modeCheats
Victory
Defeat
🇧🇷 Lithuanians · Brazil
912
+16
🇸🇪 Spanish · Sweden
907
-45
NORTHLANDER
5:11 Loom
11:38 Feudal Age
14:34 Scale Barding Armor
14:41 Forging
18:58 Bloodlines
21:12 Fletching
26:33 Castle Age
26:07 Scale Mail Armor
26:38 Padded Archer Armor
26:38 Pikeman
26:49 Elite Skirmisher
28:08 Bodkin Arrow
37:15 Chain Barding Armor
40:05 Iron Casting
41:01 Wheelbarrow
42:28 Husbandry
45:54 Imperial Age
47:21 Plate Barding Armor
47:48 Blast Furnace
FELIPINI
6:54 Loom
9:35 Feudal Age
10:32 Double-Bit Axe
10:52 Horse Collar
18:47 Wheelbarrow
21:25 Castle Age
21:07 Gold Mining
24:00 Husbandry
26:04 Scale Barding Armor
26:09 Forging
26:14 Bloodlines
26:47 Bow Saw
31:41 Iron Casting
34:43 Fervor
34:48 Heavy Plow
35:07 Hand Cart
34:14 Elite Skirmisher
35:44 Stone Mining
40:26 Imperial Age
38:22 Chain Barding Armor
37:32 Light Cavalry
39:46 Stone Shaft Mining
41:18 Sanctity
42:16 Two-Man Saw
41:48 Crop Rotation
42:06 Plate Barding Armor
41:55 Cavalier
44:29 Conscription
45:59 Ballistics
46:41 Chemistry
45:23 Treadmill Crane
45:50 Paladin
Connection lost

Rejoining the realm…

Still unreachable

The connection could not be restored.

Session expired

The server has moved on; the page needs a fresh start.